 Dungeon Crawl Stone Soup version 0.30-a0-867-g305f33218d (webtiles) character file.

Game seed: 11687406520639481474

23975 Dittersdorf the Fighter (level 13, -11/81 HPs)
             Began as a Gargoyle Fighter on Mar 10, 2023.
             Was an Elder of Okawaru.
             Mangled by a bunyip (23 damage)
             ... on level 5 of the Abyss.
             The game lasted 00:25:46 (10744 turns).

Dittersdorf the Fighter (Gargoyle Fighter)         Turns: 10744, Time: 00:25:46

Health: -11/81     AC: 42    Str: 23    XL:     13   Next: 10%
Magic:  13/13      EV: 12    Int:  5    God:    Okawaru [****..]
Gold:   784        SH:  6    Dex:  5    Spells: 12/12 levels left

rFire   . . .      SeeInvis +    B - +2 flail (protect)
rCold   + . .      Faith    .    c - +0 buckler
rNeg    + . .      Spirit   .    k - +1 plate armour
rPois   ∞          Reflect  .    p - +1 helmet {SInv}
rElec   +          Rampage  .    j - +2 cloak
rCorr   .                        y - +0 pair of gloves
Will    .....                    A - +0 pair of boots Stlth
                                 i - amulet of regeneration
HPRegen 1.13/turn                r - +5 ring of evasion
MPRegen 0.13/turn                a - ring of protection from cold

@: under a protective aura, studying 2 skills, unable to drink
A: sickness immunity, AC +9, negative energy resistance 1, electricity
resistance, torment resistance 1, petrification resistance, [clumsy 2], [dopey
2], [frail 1], [screaming 1], [weak 1], [subdued magic 2], [inability to drink
after injury 1]
a: Renounce Religion, Heroism, Finesse


You were on level 5 of the Abyss.
You worshipped Okawaru.
Okawaru was greatly pleased with you.
You visited 3 branches of the dungeon, and saw 13 of its levels.
You visited the Abyss 1 time.
You also visited: Gauntlet.

You collected 844 gold pieces.
You spent 60 gold pieces at shops.

Inventory:

Hand Weapons
 B - a +2 flail of protection (weapon)
Missiles
 o - 2 curare-tipped darts (quivered)
Armour
 c - a +0 buckler (worn)
 j - a +2 cloak (worn)
 k - a +1 plate armour (worn)
 p - a +1 helmet of see invisible (worn)
 y - a +0 pair of gloves (worn)
 A - a +0 pair of boots (worn)
Jewellery
 a - a ring of protection from cold (right hand)
 i - an amulet of regeneration (around neck)
 q - a ring of fire
 r - a +5 ring of evasion (left hand)
Wands
 e - a wand of flame (17)
Scrolls
 b - 3 scrolls of identify
 m - a scroll of teleportation
 v - a scroll of enchant weapon
Potions
 d - 4 potions of might
 f - a potion of invisibility
 g - a potion of resistance
 h - 4 potions of heal wounds
 l - 2 potions of cancellation
 s - a potion of brilliance
 u - 2 potions of haste
 w - 2 potions of mutation
 x - 2 potions of ambrosia
 z - 3 potions of flight


   Skills:
 + Level 14.4 Fighting
 + Level 11.2 Maces & Flails
 + Level 12.4 Armour
 + Level 12.4 Shields


You had 12 spell levels left.
You didn't know any spells.
Your spell library contained the following spells:

 Spells                   Type           Power      Damage    Failure   Level
 Apportation              Tloc           0%         N/A       99%         1
 Beastly Appendage        Tmut           0%         N/A       99%         1
 Kiss of Death            Conj/Necr      0%         2d5       99%         1
 Wereblood                Tmut           0%         N/A       100%        2
 Confusing Touch          Hex            0%         N/A       100%        3
 Spider Form              Tmut/Pois      0%         N/A       100%        3
 Vhi's Electric Charge    Tloc/Air       0%         N/A       100%        3
 Dispel Undead            Necr           0%         3d6       100%        4
 Petrify                  Tmut/Erth      0%         N/A       100%        4
 Blade Hands              Tmut           0%         N/A       100%        5
 Irradiate                Conj/Tmut      0%         3d11      100%        5
 Yara's Violent Unravell  Hex/Tmut       0%         3d3       100%        5
 Dragon Form              Tmut           0%         N/A       100%        7
 Enfeeble                 Hex            0%         N/A       100%        7
 Lehudib's Crystal Spear  Conj/Erth      0%         10d2      100%        8
 Necromutation            Tmut/Necr      0%         N/A       100%        8
 Summon Forest            Summ/Tloc      Unusable   N/A       N/A         5

Dungeon Overview and Level Annotations

Branches:
Dungeon (11/15)            Temple (1/1) D:6            Lair (1/5) D:11
    Orc (0/2) D:10        Gauntlet (visited)

Altars:
Elyvilon
Fedhas
Gozag
Hepliaklqana
Kikubaaqudgha
Makhleb
Okawaru
Qazlal
Ru
Sif Muna
Vehumet
Wu Jian
Yredelemnul
Zin
The Shining One

Shops:
D:6 *   D:7 !=(   D:11 (

Annotations:
Lair:1 Sonja


Innate Abilities, Weirdness & Mutations

You are immune to sickness and miasma.
Your stone body is resilient. (AC +9)
You are immune to poison.
You resist negative energy. (rN+)
You are resistant to electric shocks. (rElec)
You are resistant to unholy torment.
You are immune to petrification.
[You are very clumsy. (Dex -4)]
[You are very dopey. (Int -4)]
[You are frail. (-10% HP)]
[You occasionally shout uncontrollably at your foes.]
[You are weak. (Str -2)]
[Your spells are easier to cast, but less powerful.]
[You occasionally lose the ability to drink potions when taking damage.]


Message History

* * * LOW HITPOINT WARNING * * *
The will-o-the-wisp gestures.
The will-o-the-wisp conjures some foxfire!
A foxfire comes into view.
A foxfire comes into view.
The hellwing attacks as you move away!
The hellwing hits you but does no damage.
The hellwing closely misses you. The hellwing attacks as you move away!
The hellwing misses you. You block the hellwing's attack.
The foxfire dissipates!
The hellwing attacks as you move away! The hellwing barely misses you.
The hellwing closely misses you.
You can drink potions again.
The hellwing swoops through the air toward you!
The hellwing hits you but does no damage.
The hellwing barely misses you.
You sock the hellwing!
Your weapon exudes an aura of protection.
The hellwing is heavily wounded.
A chorus of shrieks assaults your mind.
* * * LOW HITPOINT WARNING * * *
You block the hellwing's attack. x2
The hellwing attacks as you move away!
The hellwing hits you but does no damage.
The hellwing misses you.
You are suddenly pulled into a different region of the Abyss!
The abyss shimmers again as the detected abyssal rune vanishes from your memory and reappears.
Found a runelight.
A tentacled starspawn comes into view.
Found a runelight.
The bunyip gives a hideous shriek!
You bludgeon the bunyip!!
Your weapon exudes an aura of protection.
The bunyip is moderately wounded.
The bunyip claws you!!
You feel threatened and lose the ability to drink potions!
* * * LOW HITPOINT WARNING * * *
The bunyip claws you!!
You die...

....#.#.. # .~
~~≈ ...#.. ..#
≈≈~
#.#.###.#.~~
#.....# .
###.#.##..
#..## #.#.#
#..#### ..#
##...##....#
#@..####.# ≈≈
#x##..#####~#.⌠
§#. ...# #~⌠ .
## #..# ### .#
.## . # .# φ


You could see a bunyip.

Vanquished Creatures
  A minotaur (Gauntlet)
  3 hydras
  A centaur warrior (D:11)
  A hell beast (Gauntlet)
  4 two-headed ogres
  3 boulder beetles
  A tengu warrior (D:11)
  A wretched star (Abyss:2)
  A manticore (D:11)
  Maurice (D:8)
  2 cane toads (Lair:1)
  2 kobold demonologists
  Maggie (D:7)
  An unseen horror (D:10)
  A komodo dragon (D:11)
  A queen bee (Gauntlet)
  4 trolls
  A wolf spider simulacrum (Gauntlet)
  A hornet (D:10)
  5 blink frogs (Lair:1)
  Prince Ribbit (D:9)
  2 wyverns
  A shadow (D:10)
  3 centaur simulacra (Gauntlet)
  The ghost of cforsyth the Magician, an amateur DEEE of Vehumet (D:4)
  A water elemental (D:11)
  8 yaks (D:10)
  4 wraiths
  2 basilisks
  3 vampires (D:10)
  A chaos spawn (Abyss:2)
  A vampire mosquito (D:10)
  Menkaure (D:6)
  2 large abominations
  A steam dragon (D:9)
  2 acid dragons
  A floating eye (D:10)
  2 sky beasts
  4 orc warriors
  An ogre (D:6)
  4 wolves
  2 centaurs
  5 bullfrogs
  5 kobold brigands
  2 scorpions
  A hornet simulacrum (Gauntlet)
  A small abomination (Abyss:2)
  8 wights
  6 howler monkeys
  16 killer bees
  4 electric eels
  2 jellies
  6 orc priests
  8 hounds
  2 gnoll boudas
  3 iguanas
  Crazy Yiuf (D:3)
  2 sleepcaps
  Natasha (thrice) (D:3)
  10 orc wizards
  11 gnolls
  11 adders
  A white imp (D:7)
  An ufetubus (Abyss:2)
  A worm (D:4)
  A dart slug (D:3)
  19 orcs
  4 bats (D:1)
  7 endoplasms
  4 giant cockroaches
  5 goblins
  6 hobgoblins
  3 jackals (D:2)
  4 quokkas
  5 ball pythons
  3 frilled lizards
  29 kobolds
  4 rats
288 creatures vanquished.

Vanquished Creatures (others)
  4 foxfires (Abyss:5)
  3 plants
  4 starspawn tentacles
11 creatures vanquished.

Grand Total: 299 creatures vanquished

Notes
Turn   | Place    | Note
-------+----------+-------------------------------------------
     0 | D:1      | Dittersdorf the Gargoyle Fighter began the quest for the
                  | Orb.
     0 | D:1      | Reached XP level 1. HP: 14/14 MP: 1/1
     3 | D:1      | Noticed an electric eel
     4 | D:1      | Noticed an electric eel
   144 | D:1      | Reached XP level 2. HP: 19/19 MP: 2/2
   711 | D:2      | Reached XP level 3. HP: 23/23 MP: 3/3
  1874 | D:3      | Reached XP level 4. HP: 29/29 MP: 4/4
  1901 | D:3      | Reached skill level 4 in Fighting
  1934 | D:3      | Identified the +5 whip of Collusion {drain, Dex+3}
  2088 | D:3      | Found a runed translucent door.
  2089 | D:3      | Noticed Crazy Yiuf
  2219 | D:4      | Noticed Natasha
  2226 | D:3      | Killed Natasha
  2227 | D:3      | Reached XP level 5. HP: 33/33 MP: 5/5
  2295 | D:3      | Noticed Natasha
  2304 | D:3      | Killed Natasha
  2488 | D:3      | Noticed Natasha
  2492 | D:3      | Killed Natasha
  2654 | D:3      | Found a runed translucent door.
  2809 | D:4      | Got the Catalogue of Grisly Clay
  2848 | D:4      | Reached XP level 6. HP: 36/39 MP: 6/6
  2857 | D:4      | Found a transporter.
  2897 | D:4      | Found a transporter.
  2989 | D:4      | Found a runed translucent door.
  2992 | D:4      | Noticed cforsyth's ghost (amateur DEEE)
  3225 | D:5      | Entered Level 5 of the Dungeon
  3339 | D:5      | Reached skill level 5 in Fighting
  3353 | D:5      | Reached skill level 5 in Armour
  3365 | D:5      | Reached skill level 5 in Shields
  3365 | D:5      | Reached XP level 7. HP: 44/44 MP: 7/7
  3842 | D:6      | Found Fuged's General Store.
  4009 | D:6      | Noticed Menkaure
  4021 | D:6      | Killed Menkaure
  4022 | D:6      | Reached XP level 8. HP: 26/51 MP: 8/8
  4077 | D:6      | Reached skill level 6 in Fighting
  4109 | D:6      | Found a staircase to the Ecumenical Temple.
  4129 | Temple   | Entered the Ecumenical Temple
  4147 | Temple   | Became a worshipper of Warmaster Okawaru
  4485 | D:3      | Killed Crazy Yiuf
  4536 | D:4      | Killed cforsyth's ghost
  4537 | D:4      | Reached skill level 5 in Maces & Flails
  4713 | D:7      | Found Quel's Antique Weapon Boutique.
  4761 | D:7      | Noticed Maggie
  4791 | D:7      | Killed Maggie
  4791 | D:7      | Reached * piety under Okawaru
  4835 | D:7      | Reached skill level 7 in Fighting
  4835 | D:7      | Reached XP level 9. HP: 57/57 MP: 9/9
  4864 | D:7      | Found Wiusche's Distillery.
  4869 | D:7      | Bought a potion of heal wounds for 60 gold pieces
  5032 | D:7      | Reached ** piety under Okawaru
  5058 | D:7      | Found Kiusur's Jewellery Emporium.
  5702 | D:8      | Found a burning altar of Makhleb.
  5781 | D:8      | Noticed Maurice
  5786 | D:8      | Paralysed by Maurice for 3 turns
  5828 | D:8      | Killed Maurice
  5828 | D:8      | Reached *** piety under Okawaru
  5829 | D:8      | Reached skill level 8 in Fighting
  6122 | D:8      | Reached XP level 10. HP: 64/64 MP: 10/10
  6332 | D:8      | Found a sacrificial altar of Ru.
  6491 | D:9      | Noticed Prince Ribbit
  6524 | D:9      | Killed Prince Ribbit
  6910 | D:10     | Entered Level 10 of the Dungeon
  7022 | D:10     | Reached **** piety under Okawaru
  7103 | D:10     | Paralysed by a floating eye for 2 turns
  7110 | D:10     | Paralysed by a floating eye for 4 turns
  7117 | D:10     | Reached skill level 9 in Fighting
  7126 | D:10     | Paralysed by a floating eye for 4 turns
  7132 | D:10     | Paralysed by a floating eye for 2 turns
  7142 | D:10     | Paralysed by a floating eye for 3 turns
  7244 | D:10     | Reached ***** piety under Okawaru
  7273 | D:10     | Reached XP level 11. HP: 66/72 MP: 11/11
  7854 | D:10     | Identified a scroll of acquirement
  7855 | D:10     | Acquired a manual of Fighting
  7908 | D:10     | Found a staircase to the Orcish Mines.
  8004 | D:11     | Noticed a two-headed ogre
  8004 | D:11     | Noticed a boulder beetle
  8004 | D:11     | Noticed a two-headed ogre
  8004 | D:11     | Noticed a two-headed ogre
  8043 | D:10     | Killed a two-headed ogre
  8044 | D:10     | Reached skill level 10 in Fighting
  8044 | D:10     | Reached skill level 10 in Armour
  8058 | D:11     | Noticed a five-headed hydra
  8072 | D:10     | Killed a five-headed hydra
  8073 | D:10     | Reached skill level 10 in Shields
  8125 | D:10     | Killed a two-headed ogre
  8183 | D:11     | Noticed a two-headed ogre
  8216 | D:10     | Killed a two-headed ogre
  8242 | D:11     | Noticed a centaur warrior
  8257 | D:11     | Killed a centaur warrior
  8258 | D:11     | Reached skill level 11 in Fighting
  8267 | D:11     | Killed a two-headed ogre
  8267 | D:11     | Identified the +1 cloak of the King of Wands {Drain Fly
                  | rC++ Stlth+} (Okawaru gifted it to you on level 11 of the
                  | Dungeon)
  8267 | D:11     | Received a gift from Okawaru
  8267 | D:11     | Noticed a boulder beetle
  8346 | D:11     | Noticed a manticore
  8453 | D:10     | Killed a boulder beetle
  8482 | D:11     | Killed a manticore
  8502 | D:11     | Noticed a five-headed hydra
  8512 | D:11     | Noticed a tengu warrior
  8516 | D:11     | Killed a five-headed hydra
  8517 | D:11     | Reached skill level 12 in Fighting
  8517 | D:11     | Reached XP level 12. HP: 57/81 MP: 12/12
  8628 | D:10     | Killed a boulder beetle
  8629 | D:10     | Reached skill level 10 in Maces & Flails
  8756 | D:11     | Killed a tengu warrior
  8836 | D:11     | Found Jasae's Antique Weapon Shop.
  8981 | D:11     | Found a staircase to the Lair.
  9076 | D:11     | Noticed a six-headed hydra
  9082 | D:11     | Noticed a boulder beetle
  9094 | D:11     | Killed a six-headed hydra
  9095 | D:11     | Reached skill level 13 in Fighting
  9138 | D:11     | Killed a boulder beetle
  9613 | Lair:1   | Entered Level 1 of the Lair of Beasts
  9798 | Lair:1   | Found a gate leading to a gauntlet.
  9804 | Gauntlet | Entered a Gauntlet
  9804 | Gauntlet | Found a transporter.
  9814 | Gauntlet | Found a transporter.
  9828 | Gauntlet | Found a transporter.
  9835 | Gauntlet | Found a transporter.
  9837 | Gauntlet | Found a runed translucent door.
  9840 | Gauntlet | Found a transporter.
  9840 | Gauntlet | Noticed a wretched star
  9853 | Gauntlet | Found a runed translucent door.
  9854 | Gauntlet | Found a transporter.
  9854 | Gauntlet | Noticed a hell beast
  9855 | Gauntlet | Found a runed translucent door.
  9865 | Gauntlet | Found a transporter.
  9876 | Gauntlet | Found a transporter.
  9890 | Gauntlet | Found a transporter.
  9904 | Gauntlet | Found a transporter.
  9904 | Gauntlet | Found a transporter.
  9946 | Gauntlet | Found a transporter.
  9960 | Gauntlet | Found a transporter.
  9973 | Gauntlet | Found a transporter.
 10252 | Gauntlet | Killed a hell beast
 10253 | Gauntlet | Reached skill level 14 in Fighting
 10273 | Gauntlet | Noticed a minotaur
 10275 | Gauntlet | Found the +7 Spriggan's Knife {stab, EV+4 Stlth+}
 10299 | Gauntlet | Killed a minotaur
 10300 | Gauntlet | Reached XP level 13. HP: 57/90 MP: 10/13
 10332 | Gauntlet | Identified the +1 robe of the Queen of Cups {rElec rN+
                  | Stlth-}
 10333 | Gauntlet | Got the Spellbook of Movement
 10345 | Lair:1   | Noticed Sonja
 10373 | Abyss:2  | Cast into level 2 of the Abyss (Sonja)
 10421 | Abyss:2  | Found a corrupted altar of Lugonu.
 10421 | Abyss:2  | Found a corrupted altar of Lugonu.
 10421 | Abyss:2  | Found a corrupted altar of Lugonu.
 10531 | Abyss:2  | Noticed a tentacled starspawn
 10547 | Abyss:2  | Noticed a starcursed mass
 10703 | Abyss:5  | Noticed an ettin
 10704 | Abyss:5  | Noticed a starcursed mass
 10712 | Abyss:5  | Paralysed by accursed screaming for 1 turns
 10716 | Abyss:5  | Noticed an ettin
 10719 | Abyss:5  | Noticed a tentacled starspawn
 10720 | Abyss:5  | Paralysed by accursed screaming for 1 turns
 10732 | Abyss:5  | Noticed a tentacled starspawn
 10743 | Abyss:5  | Noticed a bunyip
 10744 | Abyss:5  | Mangled by a bunyip

Illustrated notes

Levels and vault maps discovered:
D:1:      arrival_aquarium_b, layout_loops_ring, chequers_serial_rivers_room_a
D:2:      minmay_alternating_diamond, layout_basic
D:3:      layout_basic, uniq_crazy_yiuf_cottage
D:4:      gammafunk_steamed_eel, layout_rooms, ebering_ghost_sewer_d,
          uniq_natasha
D:5:      layout_cave_pools, kennysheep_nub, minmay_crossroads
D:6:      minmay_skewed_foursquare, layout_rooms, minmay_temple_entry_wispy,
          serial_shops, shop, uniq_menkaure
D:7:      layout_gridville, serial_shops, shop, kennysheep_little_box,
          nicolae_stop_n_shop_2, uniq_maggie
D:8:      layout_loops_ring, bloody_makhleb, nicolae_ru_the_path_less_chosen,
          uniq_maurice
D:9:      layout_rooms, kennysheep_generic_room_11, uniq_prince_ribbit1
D:10:     layout_loops_ring, orc_0_dummy, minmay_misc_feat_ornament,
          onia_ninara_cookie
D:11:     layout_gridville, erik_lair_island, serial_shops,
          nicolae_shop_crystal, minivault_20, minmay_pinched_square
Temple:   nicolae_temple_bog_church
Lair:1:   layout_concentric_octagons, gauntlet_entry_generic,
          beast_lair_carwin_1, lemuel_fruit_fields, uniq_sonja
Abyss:5:  base: D:4, base: Lair:1, evilmike_abyss_rune_ettins,
          guppyfry_abyss_exit_glass_guarded, evilmike_abyss_rune_ettins,
          patterned_corridor, due_evilmike_abyss_rune_seething_liches

Skill      XL: |  1  2  3  4  5  6  7  8  9 10 11 12 |
---------------+-------------------------------------+-----
Fighting       | 4 5 7 8 9 12 14 | 14.4
Armour         | 4 5 6 8 9 11 12 | 12.4
Shields        | 4 5 6 8 9 11 12 | 12.4
Maces & Flails | 3 4 5 7 8 9 11 | 11.2

Action                     |  1- 3 |  4- 6 |  7- 9 | 10-12 | 13-15 || total
---------------------------+-------+-------+-------+-------+-------++-------
  Melee: Flail             |   101 |   129 |   437 |  1120 |    84 ||  1871
  Throw: Dart              |       |       |       |     2 |       ||     2
 Invoke: Heroism           |       |       |       |    23 |     5 ||    28
    Use: Scroll            |       |    16 |     4 |     7 |     4 ||    31
         Potion            |       |       |       |     4 |       ||     4
 Armour: Scale mail        |    54 |    46 |    53 |       |       ||   153
         Chain mail        |       |       |   209 |       |       ||   209
         Plate armour      |       |       |    37 |  1127 |    44 ||  1208
  Dodge: Dodged            |    65 |    96 |   284 |   811 |    39 ||  1295
  Block: Buckler           |    20 |    21 |   101 |   422 |    29 ||   593

Table legend: (Time is in decaauts)
 A = Elapsed time spent in this place.
 B = Non-inter-level travel time spent in this place.
 C = Inter-level travel time spent in this place.
 D = Time resting spent in this place.
 E = Time spent auto-exploring this place.
 F = Levels seen in this place.
 G = Mean time per level.
                   A        B        C        D        E       F      G
               +--------+--------+--------+--------+--------+-----+--------+
         Total |  10831 |  10167 |    664 |    507 |   5956 |  18 |  601.7 |
       Dungeon |   9710 |   9061 |    649 |    365 |   5741 |  11 |  882.7 |
        Temple |     35 |     20 |     15 |      0 |      6 |   1 |   35.0 |
          Lair |    210 |    210 |      0 |      0 |      0 |   1 |  210.0 |
         Abyss |    358 |    358 |      0 |     76 |      0 |   4 |   89.5 |
      Gauntlet |    516 |    516 |      0 |     66 |    209 |   1 |  516.0 |
               +--------+--------+--------+--------+--------+-----+--------+

Top non-repeatable levels by time:
    D:10: 1602 daAuts
     D:3: 1303 daAuts
    D:11: 1074 daAuts
     D:8: 910 daAuts
     D:2: 905 daAuts
     D:7: 826 daAuts
     D:1: 698 daAuts
     D:4: 676 daAuts
     D:5: 659 daAuts
     D:6: 585 daAuts
Gauntlet: 516 daAuts
     D:9: 469 daAuts
  Lair:1: 210 daAuts
 Abyss:2: 192 daAuts
 Abyss:5: 85 daAuts
